 Dungeon Crawl Stone Soup version 0.23.1 (webtiles) character file.

Game seed: 4489454337722182036

49 LostNumber the Sneak (level 3, -2/16 HPs)
             Began as a Spriggan Enchanter on Mar 3, 2019.
             Slain by an iguana (12 damage)
             ... on level 2 of the Dungeon.
             The game lasted 00:03:22 (1618 turns).

LostNumber the Sneak (Spriggan Enchanter)           Turns: 1618, Time: 00:03:23

Health: -2/16      AC:  2    Str:  5    XL:     3   Next: 53%
Magic:  1/9        EV: 18    Int: 16    God:
Gold:   21         SH:  0    Dex: 16    Spells: 3/9 levels left

rFire    . . .     SeeInvis +   d - +1 short sword (speed)
rCold    . . .     Gourm    .   (shield restricted)
rNeg     . . .     Faith    .   b - +0 robe
rPois    .         Spirit   .   (helmet restricted)
rElec    .         Reflect  .   (no cloak)
rCorr    .         Harm     .   (gloves unavailable)
MR       .....                  (boots unavailable)
Stlth    +++.......             (no amulet)
HPRegen  0.05/turn              (no ring)
MPRegen  0.11/turn              (no ring)

@: very slightly contaminated, very quick
A: very small, unfitting armour, see invisible, herbivore, speed 3, slow
metabolism 2
a: no special abilities


You were on level 2 of the Dungeon.
You were not hungry.

You visited 1 branch of the dungeon, and saw 2 of its levels.

You collected 21 gold pieces.

Inventory:

Hand Weapons
 a - a +1 dagger
 d - a +1 short sword of speed (weapon)
   (You found it on level 1 of the Dungeon)
Armour
 b - a +0 robe (worn)
Jewellery
 i - a +3 ring of dexterity {unknown}
   (You found it on level 2 of the Dungeon)
Scrolls
 c - a scroll of remove curse {unknown}
 f - a scroll of immolation {unknown}
 g - a scroll of identify {unknown}
Potions
 h - a potion of curing {unknown}
Comestibles
 e - 4 rations {!d}


   Skills:
 + Level 2.4 Short Blades
 - Level 3.0 Dodging
 + Level 5.4 Stealth
 + Level 3.5 Spellcasting
 - Level 3.6 Hexes


You had 3 spell levels left.
You knew the following spells:

 Your Spells              Type           Power        Failure   Level  Hunger
a - Corona                Hex            ##.....      4%          1    None
c - Confuse               Hex            ##......     12%         3    ###....
x - Ensorcelled Hibernat  Hex/Ice        #.....       13%         2    ##.....

Your spell library contained the following spells:

 Spells                   Type           Power        Failure   Level  Hunger
 Tukima's Dance           Hex            ##......     12%         3    ###....
 Dazzling Spray           Conj/Hex       #.....       26%         3    ###....


Dungeon Overview and Level Annotations

Branches:
Dungeon (2/15)

Altars:


Innate Abilities, Weirdness & Mutations

You are very small and have problems with some larger weapons.
You are too small for most types of armour.
You have supernaturally acute eyesight. (SInv)
You are a herbivore.
You cover ground extremely quickly.
You need to consume almost no food.


Message History

A rat is nearby!
The helpless rat fails to defend itself.
You impale the rat!!
You kill the rat!
No target in view!
h - a fizzy grey potion You enter the shallow water.
Moving in this stuff is going to be slow.
Found a faded altar of an unknown god.
A goblin comes into view. It is wielding a +0 dagger.
You enter the shallow water.
Moving in this stuff is going to be slow.
Found a peridot ring.
You enter the shallow water.
Moving in this stuff is going to be slow.
The helpless goblin fails to defend itself.
You puncture the goblin!
You kill the goblin!
You hear a splash.
Things that are here:
a +0 dagger; a goblin corpse
i - a peridot ring As you open the door, it creaks loudly!
There is an open door here.
You open the door.
There is an open door here.
An adder comes into view.
Found a ration.
Found a stone staircase leading down.
A quokka and a worm come into view.
The helpless adder fails to defend itself.
You puncture the adder!
You kill the adder!
A frilled lizard comes into view.
An iguana comes into view.
The iguana hisses angrily.
Found a mace.
An iguana is nearby!
Aim: an iguana (chance to defeat MR: 49%)
You miscast Ensorcelled Hibernation.
You are very lightly contaminated with residual magic.
Nothing appears to happen.
The iguana barely misses you.
Aim: an iguana (chance to defeat MR: 49%)
The iguana resists with some effort.
The iguana closely misses you.
Aim: an iguana (chance to defeat MR: 49%)
The iguana resists with some effort.
The iguana bites you.
Aim: an iguana (chance to defeat MR: 49%)
The iguana resists with some effort.
The iguana bites you!
Ouch! That really hurt!
You die...

≈≈≈≈≈.... +.....>...# ≈≈≈≈≈..#
#.........# ≈)≈≈≈≈.# #.........#
≈≈≈.≈≈≈# ######........r#
...≈...# #.......%......#
......## #..............#
......+ +.........#+#+###+#
......# ###.........#........
......# #....@l...w..........
......######...###+#+#.#.....w.)
.##........'...+ #.#........
.#.......###...# #..........
.#.......# ##### ###........
.#....#..# #........ .#....#..#
#.#+###+# ......#..# #.#
.######..# #.#


You could see a worm and an iguana.

Vanquished Creatures
  An adder (D:2)
  A dart slug (D:1)
  3 bats (D:1)
  2 giant cockroaches (D:1)
  4 hobgoblins (D:1)
  7 jackals (D:1)
  6 kobolds (D:1)
  A frilled lizard (D:1)
  6 goblins
  2 rats
33 creatures vanquished.

Notes
Turn   | Place    | Note
-------+----------+-------------------------------------------
     0 | D:1      | LostNumber the Spriggan Enchanter began the quest for the
                  | Orb.
     0 | D:1      | Reached XP level 1. HP: 9/9 MP: 5/5
   281 | D:1      | Reached XP level 2. HP: 9/13 MP: 5/7
   406 | D:1      | Learned a level 2 spell: Ensorcelled Hibernation
  1164 | D:1      | Reached skill level 5 in Stealth
  1257 | D:1      | Reached XP level 3. HP: 15/16 MP: 1/8
  1497 | D:2      | Learned a level 3 spell: Confuse
  1539 | D:2      | Found a faded altar of an unknown god.
  1618 | D:2      | Slain by an iguana

Skill      XL: |  1  2 |
---------------+-------+-----
Spellcasting   | 3 |  3.5
Short Blades   | 2 |  2.4
Stealth        | 5 |  5.4
Dodging        | |  3.0
Hexes          | |  3.6

Action                   || total
-------------------------++-------
Melee: Dagger            ||    58
       Short sword       ||    46
 Cast: Corona            ||    10
       Ensorcelled Hiber ||    16
 Stab: Sleeping          ||    18
Armor: Robe              ||     9
Dodge: Dodged            ||    89
